 Dungeon Crawl Stone Soup version 0.26-a0-712-ga5a9c9c9d0 (webtiles) character file.

Game seed: 6030548318460977880

366 Inarius the Chopper (level 6, -1/53 HPs)
             Began as a Draconian Chaos Knight on Nov 1, 2020.
             Was a Plaything of Xom.
             Slain by Grinder (9 damage)
             ... on level 3 of the Dungeon.
             The game lasted 00:03:47 (2208 turns).

Inarius the Chopper (Draconian Chaos Knight)        Turns: 2208, Time: 00:03:48

Health: -1/53      AC:  7    Str: 13 (16) XL:     6   Next: 40%
Magic:  6/6        EV: 12    Int: 12 (13) God:    Xom [.....*]
Gold:   179        SH:  0    Dex:  9 (10) Spells: 5/5 levels left

rFire    . . .     SeeInvis +   a - +0 hand axe (chaos)
rCold    . . .     Faith    .   (no shield)
rNeg     . . .     Spirit   .   (armour unavailable)
rPois    .         Reflect  .   (helmet restricted)
rElec    .         Harm     .   (no cloak)
rCorr    .         Rampage  .   r - +0 pair of gloves
MR       .....                  (no boots)
Stlth    ++........             i - amulet of regeneration
HPRegen  0.57/turn              d - ring of see invisible
MPRegen  0.10/turn              (no ring)

@: brilliant, cleaving, stab, very slightly contaminated, invisible
A: unfitting armour, cold-blooded, AC +6
a: Renounce Religion


You were on level 3 of the Dungeon.
You worshipped Xom.
You were Xom's teddy bear.
You visited 1 branch of the dungeon, and saw 3 of its levels.
You also visited: Sewer.

You collected 179 gold pieces.

Inventory:

Hand Weapons
 a - a +0 hand axe of chaos (weapon)
Armour
 r - a +0 pair of gloves (worn)
Jewellery
 d - a ring of see invisible (left hand)
 i - an amulet of regeneration (around neck)
Scrolls
 b - 2 scrolls of fear
 c - a scroll of amnesia
 f - a scroll of teleportation {unknown}
 g - a scroll of blinking {unknown}
 j - a scroll of identify {unknown}
 n - a scroll of enchant weapon {unknown}
 p - a scroll of summoning {unknown}
 s - a scroll of enchant armour {unknown}
Potions
 k - a potion of degeneration
 o - a potion of mutation {unknown}


   Skills:
 + Level 4.3 Fighting
 * Level 5.9 Axes
 + Level 2.8 Dodging
 + Level 2.2 Stealth


You had 5 spell levels left.
You didn't know any spells.
Your spell library was empty.

Dungeon Overview and Level Annotations

Branches:
Dungeon (3/15)              Sewer (visited)

Altars:
Dithmenos
Xom

Annotations:
D:3 Grinder


Innate Abilities, Weirdness & Mutations

Your plain brown scales are hard. (AC +6)
You cannot fit into any form of body armour.
You are cold-blooded and may be slowed by cold attacks.


Message History

Grinder looks more healthy.
Grinder grins, showing sharp teeth.
Grinder hits you.
You writhe in agony.
You hit Grinder.
Grinder is heavily wounded.
Grinder misses you.
You completely miss Grinder.
Grinder is heavily wounded.
Grinder hits you!
You writhe in agony.
You closely miss Grinder.
Grinder is heavily wounded.
Grinder gestures at you. Pain shoots through your body!
* * * LOW HITPOINT WARNING * * *
You hit Grinder but do no damage.
Grinder is heavily wounded.
Xom alters the dungeon around you. Grinder hits you!
You die...
Xom laughs nastily!

...†.........###.###.## #...
......##.............#########...
......##.....###._...[....((..)..
......##.....# ##)........####...
......##.....####_#######.# #...
......##.......__.)#....#.# #...
......###........))..##.#.# #.#.
......# ########.#.[.##.#.# #.##
......# #....#@#....#.#.# #...
..#.#######.##.#5#......#.#######
................__...............
................__............(..
..##......####.#_######..##≈≈≈≈≈#
.................# ###..##≈≈≈≈≈#
##........####..## #...≈≈≈.....≈
#........# ##.## #....≈≈..≈..≈
#........# #..# #....≈≈......


You could see Grinder.

Vanquished Creatures
  Purgy (Sewer)
  A scorpion (D:2)
  Robin (D:3)
  An adder (D:3)
  An ooze (D:2)
  3 worms (D:2)
  3 dart slugs
  2 leopard geckos
  An orc (D:3)
  2 ball pythons
  3 giant cockroaches
  20 goblins
  7 hobgoblins
  4 jackals (D:1)
  9 kobolds
  A quokka (D:3)
  3 bats
  3 frilled lizards
  10 rats
76 creatures vanquished.

Vanquished Creatures (collateral kills)
  A worm (D:3)
  A bat (D:3)
2 creatures vanquished.

Grand Total: 78 creatures vanquished

Notes
Turn   | Place    | Note
-------+----------+-------------------------------------------
     0 | D:1      | Inarius the Draconian Chaos Knight began the quest for the
                  | Orb.
     0 | D:1      | Reached XP level 1. HP: 19/19 MP: 1/1
   138 | D:1      | Reached XP level 2. HP: 26/26 MP: 2/2
   175 | D:1      | XOM: silly message
   177 | D:1      | XOM: divination: magic mapping
   268 | D:1      | XOM: butterfly on damage
   545 | D:1      | XOM: enchant monster (good)
   654 | D:1      | Reached XP level 3. HP: 28/31 MP: 3/3
   810 | D:2      | Reached skill level 4 in Axes
  1055 | D:2      | XOM: 1-stop teleportation journey
  1357 | D:2      | Noticed a scorpion
  1371 | D:2      | Killed a scorpion
  1371 | D:2      | Reached XP level 4. HP: 31/40 MP: 4/4
  1558 | D:3      | Reached skill level 1 in Stealth
  1574 | D:3      | Reached XP level 5. HP: 35/46 MP: 5/5
  1583 | D:3      | Noticed Robin
  1592 | D:3      | Killed Robin
  1592 | D:3      | Reached skill level 5 in Axes
  1598 | D:3      | Found a glowing drain.
  1606 | D:3      | XOM: summons friendly smoke demon
  1612 | Sewer    | Entered a sewer
  1618 | Sewer    | Noticed Purgy
  1620 | Sewer    | XOM: god gift: 17 stones
  1633 | Sewer    | Killed Purgy
  1880 | D:3      | Noticed an ice beast
  1916 | D:2      | XOM: enchant monster (good)
  1926 | D:2      | Banished an ice beast
  1926 | D:2      | Reached XP level 6. HP: 41/53 MP: 6/6
  2020 | D:2      | Found a shadowy altar of Dithmenos.
  2160 | D:3      | Noticed Grinder
  2197 | D:3      | Paralysed by Grinder for 5 turns
  2204 | D:3      | XOM: cleaving
  2208 | D:3      | XOM: scenery: create altars
  2208 | D:3      | Slain by Grinder

Illustrated notes

Levels and vault maps discovered:
D:1:      scummos_arrival_checkerplants, layout_rooms
D:2:      lemuel_upstairs_altar, layout_basic, minmay_misc_feat_secret_circle,
          nrook_mini_backslash
D:3:      layout_basic, cheibrodos_sewer_entry_sluice,
          nicolae_ashenzari_panopticon, uniq_robin, uniq_grinder

Skill      XL: |  1  2  3  4  5 |
---------------+----------------+-----
Axes           | 4 5 |  5.9
Stealth        | 1 2 |  2.2
Fighting       | 4 |  4.3
Dodging        | |  2.8

Action                   |  1- 3 |  4- 6 || total
-------------------------+-------+-------++-------
Melee: Hand axe          |   114 |    98 ||   212
       Tailslap          |     5 |     8 ||    13
  Use: Scroll            |       |     2 ||     2
       Potion            |       |     7 ||     7
 Stab: Paralysed         |     4 |       ||     4
       Confused          |     1 |       ||     1
       Sleeping          |       |     7 ||     7
       Petrified         |       |     7 ||     7
Armor: Skin              |    27 |    19 ||    46
Dodge: Dodged            |    62 |    67 ||   129

Table legend: (Time is in decaauts)
 A = Elapsed time spent in this place.
 B = Non-inter-level travel time spent in this place.
 C = Inter-level travel time spent in this place.
 D = Time resting spent in this place.
 E = Time spent auto-exploring this place.
 F = Levels seen in this place.
 G = Mean time per level.
                   A        B        C        D        E       F      G
               +--------+--------+--------+--------+--------+-----+--------+
         Total |   2240 |   2180 |     60 |    244 |   1309 |   4 |  560.0 |
       Dungeon |   2026 |   1966 |     60 |    228 |   1235 |   3 |  675.3 |
         Sewer |    213 |    213 |      0 |     16 |     74 |   1 |  213.0 |
               +--------+--------+--------+--------+--------+-----+--------+

Top non-repeatable levels by time:
     D:2: 834 daAuts
     D:1: 782 daAuts
     D:3: 410 daAuts
   Sewer: 213 daAuts
